AoeStats
← fran.federico8

Arena

510035420Analyzed
1v1 RM · 5d ago on Sep 29, 2026· 55m 16s· 2 players
Game mode
Random Map
Map size
Tiny (2 player)
Population
200
Speed
Normal
Resources
Standard
Victory
Conquest
Starting age
Dark Age
Ending age
Imperial Age
RankedLock teamsTeams togetherTeam positionsShared explorationLock speedFull tech treeHidden civsTurbo modeCheats
Victory
Defeat
🇦🇷 Inca · Argentina
1226
+16
🇺🇸 Goths · United States
1229
-16
fran.federico8
11:03 Feudal Age
15:07 Castle Age
12:55 Double-Bit Axe
12:57 Horse Collar
15:31 Loom
15:37 Loom
18:47 Forging
24:56 Heavy Plow
25:17 Bow Saw
25:44 Gold Mining
30:51 Imperial Age
28:57 Wheelbarrow
29:41 Gold Shaft Mining
29:43 Scale Mail Armor
29:47 Squires
30:39 Chain Mail Armor
31:23 Stone Mining
32:28 Iron Casting
33:46 Ballistics
34:02 Conscription
34:35 Plate Mail Armor
34:20 Elite Kamayuk
35:20 Fabric Shields
36:23 Blast Furnace
35:34 Fabric Shields
36:01 Hand Cart
35:32 Town Watch
38:00 Chemistry
38:13 Thumb Ring
38:00 Fletching
38:19 Siege Engineers
39:25 Crop Rotation
39:11 Andean Sling
41:34 Masonry
41:35 Onager
49:24 Bodkin Arrow
49:26 Murder Holes
49:38 Champi Runner
50:20 Bracer
50:50 Champi Warrior
52:02 Elite Champi Warrior
54:14 Padded Archer Armor
uyg.games
0:41 Loom
11:28 Feudal Age
15:04 Castle Age
15:02 Double-Bit Axe
15:00 Horse Collar
16:43 Bow Saw
22:35 Wheelbarrow
33:18 Imperial Age
31:34 Scale Mail Armor
31:45 Forging
32:19 Hand Cart
32:31 Anarchy
32:34 Squires
34:07 Perfusion
34:27 Conscription
35:05 Elite Huskarl
37:31 Chain Mail Armor
37:51 Iron Casting
39:11 Two-Man Saw
37:54 Heavy Scorpion
39:47 Ballistics
40:28 Chemistry
41:23 Blast Furnace
40:54 Scale Barding Armor
41:41 Cavalier
42:21 Husbandry
42:32 Bloodlines
45:36 Chain Barding Armor
44:52 Man-at-Arms
48:56 Long Swordsman
49:39 Two-Handed Swordsman
50:31 Champion
Connection lost

Rejoining the realm…

Still unreachable

The connection could not be restored.

Session expired

The server has moved on; the page needs a fresh start.